 Dungeon Crawl Stone Soup version 0.31.0-11-ge490571c62 (webtiles) character file.

Game seed: 623506002672787446

22 Flugkiller the Ruffian (level 2, -1/23 HPs)
             Began as a Demigod Shapeshifter on Jan 30, 2024.
             Slain by a gnoll
             ... wielding a +0 whip
              (5 damage)
             ... on level 1 of the Dungeon.
             The game lasted 00:00:21 (541 turns).

Flugkiller the Ruffian (Demigod Shapeshifter)        Turns: 541, Time: 00:00:22

Health: -1/23      AC:  2    Str: 15    XL:     2   Next: 51%
Magic:  4/4        EV: 12    Int: 12    God:
Gold:   50         SH:  0    Dex: 13    Spells: 1/1 levels left

rFire   . .          .
                       - Unarmed
rCold   . . .        (no shield)
rNeg    . . .        a - +0 animal skin
rPois   .            (helmet currently unavailable)
rElec   .            (cloak currently unavailable)
rCorr   .            (gloves currently unavailable)
SInv    .            (boots currently unavailable)
Will    .....        g - amulet of the acrobat
Stlth   +            (no ring)
HPRegen 0.23/turn    (no ring)
MPRegen 0.09/turn

%: acrobat
@: beast-form
A: beast (slay +1), high MP 1, forlorn, divine attributes
a: Begin Untransformation


You were on level 1 of the Dungeon.
You were a hulking beast.
You visited 1 branch of the dungeon, and saw 1 of its levels.

You collected 50 gold pieces.

Inventory:

Armour
 a - a +0 animal skin (worn)
Jewellery
 g - an amulet of the acrobat (around neck)
   (You found it on level 1 of the Dungeon)
Talismans
 c - a beast talisman
 d - a flux talisman
Scrolls
 e - a scroll of enchant armour {unknown}
 h - a scroll of vulnerability {unknown}
Potions
 b - a potion of lignification
 f - a potion of heal wounds {unknown}


   Skills:
 + Level 1.5 Fighting
 - Level 1.7 Dodging
 + Level 3.0 Unarmed Combat
 + Level 3.0 Shapeshifting


You had one spell level left.
You didn't know any spells.
Your spell library contained the following spells:

 Spells                   Type           Power      Damage    Failure   Level
 Magic Dart               Conj           0%         1d3       32%         1
 Blink                    Tloc           0%         N/A       45%         2
 Call Imp                 Summ           0%         N/A       45%         2


Dungeon Overview and Level Annotations

Branches:
Dungeon (1/15) Zot: 5462


Innate Abilities, Weirdness & Mutations

You are a hulking beast.
Your limbs bulge with bestial killing power. (Slay +1)
You have an increased reservoir of magic. (+10% MP)
You shall have no god before yourself.
Your divine heritage dramatically boosts your attributes as you level up.


Message History

The dart slug is moderately wounded.
The dart slug misses you.
You hit the dart slug.
The dart slug is heavily wounded.
The dart slug closely misses you.
You barely miss the dart slug.
The dart slug is heavily wounded.
You hit the dart slug.
The dart slug is severely wounded.
The dart slug bites you but does no damage.
You hit the dart slug.
The dart slug is almost dead.
The dart slug closely misses you.
A dart slug is nearby!
You hit the dart slug.
You kill the dart slug!
Your Shapeshifting skill increases to level 3!
You now have 50 gold pieces (gained 11).
A gnoll comes into view. It is wielding a +0 whip.
A bat comes into view.
The bat moves out of view.
A gnoll is nearby!
You hit the gnoll.
The gnoll is lightly wounded.
The gnoll hits you with a +0 whip.
You closely miss the gnoll.
The gnoll is lightly wounded.
The gnoll barely misses you.
You closely miss the gnoll.
The gnoll is lightly wounded.
The gnoll hits you with a +0 whip. The bat completely misses you.
You are too injured to fight recklessly!
You are too injured to fight recklessly!
You are too injured to fight recklessly!
You are too injured to fight recklessly!
You are too injured to fight recklessly!
There are monsters nearby!
You are too injured to fight recklessly!
There are monsters nearby!
You are too injured to fight recklessly!
The bat attacks as it pursues you! The bat hits you but does no damage.
The bat completely misses you. The bat completely misses you.
The bat completely misses you. The bat barely misses you.
The bat closely misses you. x2
The bat attacks as it pursues you! The bat misses you.
The bat hits you but does no damage. The bat attacks as it pursues you!
The bat misses you. The bat closely misses you. The bat misses you.
The bat attacks as it pursues you! The bat misses you. x2
The bat hits you but does no damage. The bat attacks as it pursues you!
The bat barely misses you. The bat misses you. The bat barely misses you.
The bat closely misses you. The bat completely misses you.
The bat attacks as it pursues you! The bat completely misses you. x2
A rat comes into view.
The bat misses you.
The rat moves out of view.
The rat squeaks loudly.
The bat completely misses you.
Things that are here:
a +0 short sword; a stone The bat completely misses you.
You miss the bat. The bat barely misses you. x2
You closely miss the gnoll. The bat hits you but does no damage. x2
The gnoll barely misses you.
You hit the gnoll.
The gnoll is moderately wounded.
The bat barely misses you. x2; The bat hits you but does no damage.
The gnoll hits you with a +0 whip.
You hit the gnoll but do no damage.
The gnoll is moderately wounded.
The bat barely misses you. The gnoll barely misses you.
You are too injured to fight recklessly!
You hit the gnoll.
The gnoll is heavily wounded.
The bat hits you but does no damage. The rat closely misses you.
The gnoll hits you with a +0 whip.
You are too injured to fight recklessly!
You barely miss the gnoll.
The gnoll is heavily wounded.
The bat hits you but does no damage. The rat bites you.
You barely miss the gnoll.
The gnoll is heavily wounded.
The bat hits you but does no damage. The gnoll barely misses you.
You hit the gnoll.
The gnoll is almost dead.
The bat hits you but does no damage. The rat closely misses you.
The gnoll closely misses you.
You hit the gnoll.
The gnoll is almost dead.
The bat completely misses you. The rat bites you but does no damage.
The gnoll hits you with a +0 whip.
* * * LOW HITPOINT WARNING * * *
You hit the gnoll.
The gnoll is almost dead.
The bat hits you but does no damage. The rat bites you but does no damage.
The gnoll hits you with a +0 whip.
You die...

#..........##.#####....# #^#Z#~#
##..........##.####..#.##########
########'#####.##...##+##^#......
# #.###......###...###.##### #
#...#.#....#^#.>.....#~#~# #
###...###.####...######### #
##....b..# ##'##^#e# #
###########...#...####.######
...............gh.##...#
#.....########..r.##.### ......+
.........)##.# ......#
#########....## ....### #.....###
....# #####'##...># ....#
#....)...##.# ....# #.......###.#
#.......# #.#


You could see a gnoll, a bat and a rat.

Vanquished Creatures
  A dart slug (D:1)
  2 bats (D:1)
  An endoplasm (D:1)
  3 goblins (D:1)
  A hobgoblin (D:1)
  4 kobolds (D:1)
  A quokka (D:1)
  3 ball pythons (D:1)
  3 rats (D:1)
19 creatures vanquished.

Notes
Turn   | Place    | Note
-------+----------+-------------------------------------------
     0 | D:1      | Flugkiller the Demigod Shapeshifter began the quest for the
                  | Orb.
     0 | D:1      | Reached XP level 1. HP: 15/15 MP: 3/3
     3 | D:1      | Noticed a vine stalker
     6 | D:1      | Noticed a demonspawn
     7 | D:1      | Noticed a demigod
    11 | D:1      | Noticed a troll
    17 | D:1      | Noticed an elf
    43 | D:1      | Reached skill level 1 in Fighting
   230 | D:1      | Reached XP level 2. HP: 18/23 MP: 4/4
   541 | D:1      | Slain by a gnoll

Illustrated notes

Levels and vault maps discovered:
D:1:      shiori_arrival_whats_in_store_for_you, layout_basic,
          minmay_misc_feat_columns, nrook_loot_triangle,
          chequers_serial_rivers_micro_c

Skill      XL: |  1  2 |
---------------+-------+-----
Fighting       | 1 |  1.5
Unarmed Combat | 3 |  3.0
Shapeshifting  | 3 |  3.0
Dodging        | |  1.7

Action                     || total
---------------------------++-------
  Melee: Unarmed           ||    71
         Punch             ||     3
 Armour: Animal skin       ||    48
  Dodge: Dodged            ||    81
